Map: Persephone LE

Players

Spirit (souL) - Winner!

  • Race: Terran Terran
  • League: Master
  • Spawn Location: 11:00

LunaSea

  • Race: Protoss Protoss
  • Spawn Location: 7:00

Event: HomeStory Cup XXVII

VOD

Have the link to the VOD?

Description

Time

  • Played on: June 27, 2025, 12:16 p.m.
  • Length: 8:44

All games in this series

Show
View Real Time Build Order
Export as new Build Order

Spirit Terran - Winner!

Build Orders:  

Get SALT Encoding   

  12  0:00  SCV  
  13  0:12  SCV  
  14  0:17  Supply Depot  
  14  0:24  SCV  
  15  0:38  SCV  
  15  0:40  Barracks  
  16  0:44  Refinery  
  16  0:50  SCV  
  17  1:03  SCV  
  18  1:15  SCV  
  19  1:18  Supply Depot  
  19  1:27  SCV  
  19  1:28  Supply Depot  
  20  1:34  Marine  
  20  1:37  Bunker  
  21  1:40  SCV  
  21  1:52  Marine  
  20  1:59  Orbital Command  
  20  2:08  Supply Depot  
  20  2:20  Factory  
  20  2:29  SCV  
  21  2:36  Supply Depot  
  21  2:37  Marine  
  21  2:41  SCV  
  23  2:57  Marine, SCV  
  25  2:58  Supply Depot  
  25  3:05  Factory Tech Lab  
  25  3:10  Refinery, SCV  
  26  3:15  Marine  
  26  3:22  SCV  
  26  3:23  Cyclone  
  30  3:28  Supply Depot  
  30  3:34  SCV  
  31  3:36  Starport  
  31  3:46  SCV, Barracks Reactor  
  32  3:58  SCV  
  32  4:02  Command Center  
  33  4:10  SCV  
  34  4:17  Supply Depot  
  34  4:22  SCV, Factory Tech Lab  
  34  4:23  Marine x2  
  39  4:24  Raven  
  39  4:27  Bunker  
  39  4:34  SCV  
  40  4:40  Marine  
  40  4:41  Marine  
  42  4:46  SCV  
  42  4:48  Siege Tank  
  46  4:58  Marine x2  
  48  5:03  Barracks  
  48  5:04  SCV  
  49  5:14  Orbital Command  
  49  5:16  Marine x2, SCV  
  52  5:22  Siege Tank  
  55  5:28  SCV  
  55  5:34  Barracks, Marine  
  57  5:37  Bunker  
  57  5:40  SCV x2  
  59  5:49  Marine  
  57  5:50  Marine  
  57  5:52  Supply Depot, Stimpack, SCV  
  57  5:53  SCV  
  60  6:02  Siege Tank  
  63  6:04  Marine  
  63  6:05  SCV x2  
  63  6:08  Engineering Bay  
  63  6:10  Marine  
  67  6:12  Starport Reactor  
  67  6:17  SCV x2  
  67  6:18  Marine  
  70  6:24  Refinery  
  70  6:25  Marine  
  70  6:26  Refinery  
  70  6:29  SCV x2  
  73  6:35  Missile Turret  
  73  6:38  Terran Infantry Weapons Level 1  
  72  6:41  SCV x2  
  72  6:42  Marine, Combat Shield  
  72  6:43  Factory Reactor, Marine x3  
  78  6:59  Supply Depot  
  78  7:13  Command Center  
  78  7:21  Marine x2, SCV x2, Medivac x2  
  86  7:25  Supply Depot x2  
  86  7:30  Missile Turret  
  86  7:36  Concussive Shells  
  86  7:37  Supply Depot  
  86  7:47  Marauder x2, Marine x2, SCV x2, Widow Mine x2  
  98  7:52  Barracks, Medivac  
  98  7:54  Medivac  
  98  7:55  Barracks  
  99  7:59  SCV x2  
  99  8:04  Marine x2  
  103  8:08  Marine  
  103  8:09  Marauder  
  103  8:10  Widow Mine x2  
  110  8:14  Supply Depot  
  110  8:17  SCV  
  107  8:25  Marine  
Show
View Real Time Build Order
Export as new Build Order

LunaSea Protoss 

Build Orders: Cannon Rush 

Get SALT Encoding   

  1  0:00  Probe  
  12  0:04  Probe  
  14  0:17  Pylon  
  14  0:21  Probe  
  15  0:36  Forge  
  15  0:41  Probe  
  16  0:51  Pylon  
  16  0:56  Probe  
  17  1:16  Photon Cannon x2  
  17  1:23  Pylon  
  17  1:45  Photon Cannon  
  15  1:55  Probe  
  16  2:05  Gateway  
  16  2:11  Probe  
  16  2:12  Assimilator  
  16  2:14  Assimilator  
  17  2:23  Probe  
  18  2:35  Probe  
  19  2:47  Gateway, Probe  
  20  2:51  Cybernetics Core  
  20  2:59  Probe  
  20  3:02  Pylon  
  20  3:07  Pylon  
  20  3:08  Warp Gate  
  20  3:11  Probe  
  21  3:16  Zealot  
  22  3:24  Probe  
  23  3:30  Gateway  
  23  3:36  Probe  
  26  3:44  Adept  
  26  3:48  Probe  
  27  3:53  Pylon  
  27  4:06  Gateway  
  27  4:11  Twilight Council  
  27  4:20  Gateway  
  19  4:56  Stalker x2  
  21  5:07  Stalker  
  21  5:08  Resonating Glaives  
  21  5:11  Dark Shrine  
  23  5:15  Stalker  
  25  5:23  Probe  
  26  5:42  Stalker x2  
  30  6:07  Probe  
  31  6:14  Adept  
  33  6:19  Probe  
  33  6:22  Dark Templar  
  36  6:31  Dark Templar  
  34  6:56  Nexus  
  34  7:06  Adept  
  36  7:10  Adept  
  38  7:21  Pylon  
  36  7:26  Adept  
  38  7:39  Probe  
  38  7:42  Adept x3  
  45  8:02  Adept  
  47  8:10  Adept x3  
  39  8:29  Adept  
  39  8:30  Adept x2  
  43  8:34  Adept  
Tags
 
League
Master
Matchup
PvT
Replay Pack
hsc27
Spawn Locations
Close Positions
Add a new tag
Caveats
  • Supply blocks, unpowered buildings, or Contaminate may cause inaccurate times.
  • Supply counts are checked every 10 seconds.